 Dungeon Sprint DCSS version 0.28-a0-390-gb254ac4902 (webtiles) character file.

Game seed: 2034992631980403756

163 MikeHunt the Reanimator (level 5, 0/35 HPs)
             Began as a Demonspawn Necromancer on Sept 3, 2021.
             Slain by a shadow (1 damage)
             ... in the Dungeon (Sprint III: "The Ten Rune Challenge").
             The game lasted 00:03:55 (652 turns).

MikeHunt the Reanimator (Demonspawn Necromancer)     Turns: 652, Time: 00:03:55

Health: 0/35       AC:  2    Str:  9    XL:     5   Next: 20%
Magic:  13/13      EV: 12    Int: 17    God:
Gold:   30         SH:  4    Dex: 13    Spells: 11/15 levels left

rFire   . . .      SeeInvis .     - Unarmed
rCold   . . .      Faith    .   (no shield)
rNeg    . . .      Spirit   .   a - +0 robe
rPois   .          Reflect  .   (no helmet)
rElec   .          Harm     .   (no cloak)
rCorr   .          Rampage  .   (no gloves)
Will    .....      NoTele   +   (no boots)
Stlth   ++........              (no amulet)
HPRegen 0.11/turn               (no ring)
MPRegen 0.13/turn               (no ring)

@: hasted, very quick
A: spiny 1, condensation shield
a: no special abilities


You were in the Dungeon.
You visited 1 branch You collected 30 gold pieces.

Inventory:

Missiles
 h - 10 stones
Armour
 a - a +0 robe (worn)
Scrolls
 f - a scroll of holy word {unknown}
 g - a scroll of blinking
 i - 3 scrolls of identify
 l - a scroll of torment {unknown}
Potions
 b - a potion of curing
 c - a potion of heal wounds
 e - 2 potions of magic
 k - 5 potions of mutation
 m - 2 potions of flight


   Skills:
 - Level 1.7 Dodging
 - Level 1.7 Stealth
 + Level 5.4 Unarmed Combat
 + Level 5.9 Spellcasting
 + Level 8.0 Necromancy


You had 11 spell levels left.
You knew the following spells:

 Your Spells              Type           Power      Damage    Failure   Level
a - Vampiric Draining     Necr           16%        2d8       1%          3
e - Pain                  Necr           100%       1d9       1%          1

Your spell library contained the following spells:

 Spells                   Type           Power      Damage    Failure   Level
 Animate Skeleton         Necr           64%        N/A       1%          1
 Animate Dead             Necr           16%        N/A       4%          4
 Agony                    Necr           32%        N/A       13%         5


Dungeon Overview and Level Annotations

Branches:
Dungeon (1/1)

Altars:


Innate Abilities, Weirdness & Mutations

You are partially covered in sharp spines.
A meltable shield of frost defends you. (SH +4)


Message History

The water elemental is severely damaged.
The water elemental barely misses you.
You smack the water elemental!
You destroy the water elemental!
The water engulfing you falls away.
Your Unarmed Combat skill increases to level 5!
Your Necromancy skill increases to level 8!
You have reached level 5!
You start waiting.
Your transformation is almost over.
You cannot move.
You start waiting.
You feel less wooden.
Your +0 robe unmelds from your body.
You start waiting.
There is an open door to the Ecumenical Temple here.
There is a fountain of clear blue water here.
As you open the door, it creaks loudly!
A jelly comes into view.
Casting: Pain (safe; 1% risk of failure)
Confirm with . or Enter, or press ? or * to list all spells.
You can't see any susceptible monsters within range! (Use Z to cast anyway.)
A shadow comes into view.
The shadow hits you!
You feel yourself speed up. The shadow barely misses you.
Unknown command.
You completely miss the shadow. You block the shadow's attack.
You hit the shadow but do no damage.
The shadow slips into darkness.
The shadow flickers and vanishes!
Deactivating autopickup; reactivate with Ctrl-A.
The shadow strikes at you from the darkness!
Ouch! That really hurt!
* * * LOW HITPOINT WARNING * * *
Reactivating autopickup.
You hit the shadow but do no damage. You closely miss the shadow.
The shadow barely misses you.
You closely miss the shadow. You hit the shadow but do no damage.
The shadow hits you.
You die...

▓▓▓▓▓ ▓▓▓ ....♣ ♣.#
....♣ ♣.# ...♣♣ ♣.#
...≈♣ ♣♣.###+#+###+##
..≈≈♣♣♣♣..#..........#
.≈≈≈≈.♣♣..'.⌠...@W...#
.≈≈≈≈≈≈♣♣.#...######'#
≈≈≈≈≈≈....#.⌠.# .#
≈≈≈≈≈.....#...# .#
≈≈≈.......#+### .#
..........# .+
...÷......# J#
▓▓▓▓▓▓▓▓▓▓▓ ▓▓


You could see a shadow.

Vanquished Creatures
  A water elemental (D)
  A scorpion (D)
  Jessica (D)
  A human (D)
  3 rats (D)
7 creatures vanquished.

Vanquished Creatures (others)
  2 plants (D)
2 creatures vanquished.

Grand Total: 9 creatures vanquished

Notes
Turn   | Place    | Note
-------+----------+-------------------------------------------
     0 | D        | MikeHunt the Demonspawn Necromancer began the quest for the
                  | Orb.
     0 | D        | Reached XP level 1. HP: 13/13 MP: 3/3
    55 | D        | Noticed Jessica
    60 | D        | Killed Jessica
    61 | D        | Reached skill level 5 in Necromancy
    61 | D        | Gained mutation: A meltable shield of frost defends you.
                  | (SH +4) [demonic ancestry]
    61 | D        | Reached XP level 2. HP: 10/19 MP: 0/6
   266 | D        | Noticed a scorpion
   273 | D        | Killed a scorpion
   274 | D        | Reached skill level 6 in Necromancy
   274 | D        | Reached XP level 3. HP: 20/24 MP: 2/9
   274 | D        | Gained mutation: You are partially covered in sharp spines.
                  | [demonic ancestry]
   274 | D        | Reached XP level 4. HP: 25/30 MP: 2/10
   338 | D        | Reached skill level 5 in Spellcasting
   338 | D        | Reached skill level 7 in Necromancy
   405 | D        | Learned a level 3 spell: Vampiric Draining
   405 | D        | Noticed a water elemental
   417 | D        | Killed a water elemental
   418 | D        | Reached skill level 5 in Unarmed Combat
   418 | D        | Reached skill level 8 in Necromancy
   418 | D        | Reached XP level 5. HP: 35/35 MP: 13/13
   639 | D        | Noticed a shadow
   648 | D        | HP: 1/35 [something (24)]
   652 | D        | Slain by a shadow

Illustrated notes

Levels and vault maps discovered:
D:        dungeon_sprint_mu [sprint_mu_entry_forest, sprint_mu_temple_rooms,
          sprint_mu_d1_spiders, sprint_mu_d2_genie, sprint_mu_d3_branching,
          sprint_mu_orc_legion, sprint_mu_elf_gauntlet, sprint_mu_hive_nellie,
          sprint_mu_lair_fedhas, sprint_mu_vaults_butterflies,
          sprint_mu_slime_circle, sprint_mu_swamp_cave, sprint_mu_shoals_archi,
          sprint_mu_blade_basic, sprint_mu_crypt_lich, sprint_mu_tomb_spiral,
          sprint_mu_vestibule_basic, sprint_mu_gehenna_hellfire,
          sprint_mu_dis_giant, sprint_mu_tartarus_statrot,
          sprint_mu_cocytus_islands, sprint_mu_zot1]

Skill      XL: |  1  2  3  4 |
---------------+-------------+-----
Unarmed Combat | 2 4 5 |  5.4
Spellcasting   | 3 4 5 |  5.9
Necromancy     | 5 6 8 |  8.0
Dodging        | |  1.7
Stealth        | |  1.7

Action                   |  1- 3 |  4- 6 || total
-------------------------+-------+-------++-------
Melee: Unarmed           |     3 |    13 ||    16
 Cast: Pain              |    11 |     7 ||    18
  Use: Potion            |     1 |     2 ||     3
Armor: Skin              |       |     4 ||     4
Dodge: Dodged            |       |     4 ||     4
Block: Other             |     2 |     2 ||     4

Table legend: (Time is in decaauts)
 A = Elapsed time spent in this place.
 B = Non-inter-level travel time spent in this place.
 C = Inter-level travel time spent in this place.
 D = Time resting spent in this place.
 E = Time spent auto-exploring this place.
 F = Levels seen in this place.
 G = Mean time per level.
                   A        B        C        D        E       F      G
               +--------+--------+--------+--------+--------+-----+--------+
         Total |    653 |    653 |      0 |    527 |      0 |   1 |  653.0 |
       Dungeon |    653 |    653 |      0 |    527 |      0 |   1 |  653.0 |
               +--------+--------+--------+--------+--------+-----+--------+

Top non-repeatable levels by time:
       D: 653 daAuts
